 Dungeon Crawl Stone Soup version 0.24-a0-434-gd57e52fea8 (webtiles) character file.

Game seed: 15190271404341963692

36 zynnq the Sneak (level 3, -1/19 HPs)
             Began as a Tengu Enchanter on June 15, 2019.
             Slain by an adder (2 damage)
             ... on level 2 of the Dungeon.
             The game lasted 00:05:55 (1037 turns).

zynnq the Sneak (Tengu Enchanter)                   Turns: 1037, Time: 00:05:55

Health: -1/19      AC:  2    Str:  8    XL:     3   Next: 37%
Magic:  2/7        EV: 13    Int: 16    God:
Gold:   55         SH:  0    Dex: 14    Spells: 3/6 levels left

rFire    . . .     SeeInvis .   a - +1 dagger
rCold    . . .     Gourm    .   (no shield)
rNeg     . . .     Faith    .   b - +0 robe
rPois    .         Spirit   .   (helmet restricted)
rElec    .         Reflect  .   (no cloak)
rCorr    .         Harm     .   (no gloves)
MR       .....                  (boots unavailable)
Stlth    ++........             (no amulet)
HPRegen  0.06/turn              (no ring)
MPRegen  0.10/turn              (no ring)

@: lethally poisoned (-1 -> -9)
A: beak, talons 3
a: no special abilities


You were on level 2 of the Dungeon.
You were not hungry.

You visited 1 branch of the dungeon, and saw 2 of its levels.

You collected 55 gold pieces.

Inventory:

Hand Weapons
 a - a +1 dagger (weapon)
Missiles
 c - 4 javelins (quivered)
Armour
 b - a +0 robe (worn)
Jewellery
 g - an uncursed ring of protection from cold {unknown}
Scrolls
 e - 2 scrolls of identify {unknown}
 f - a scroll of immolation {unknown}
 i - a scroll of teleportation {unknown}
 j - a scroll of noise {unknown}
Comestibles
 d - a ration
 h - a chunk of flesh


   Skills:
 + Level 0.1 Fighting
 + Level 1.3 Short Blades
 + Level 2.4 Dodging
 + Level 3.6 Stealth
 + Level 2.3 Spellcasting
 + Level 2.4 Hexes
 + Level 0.1 Ice Magic


You had 3 spell levels left.
You knew the following spells:

 Your Spells              Type           Power        Failure   Level  Hunger
a - Corona                Hex            #......      8%          1    #......
b - Ensorcelled Hibernat  Hex/Ice        #.....       19%         2    ###....

Your spell library contained the following spells:

 Spells                   Type           Power        Failure   Level  Hunger
 Confuse                  Hex            #.......     22%         3    ###....
 Tukima's Dance           Hex            #.......     22%         3    ###....
 Dazzling Spray           Conj/Hex       #.....       36%         3    ###....


Dungeon Overview and Level Annotations

Branches:
Dungeon (2/15)

Altars:


Innate Abilities, Weirdness & Mutations

You have a beak for a mouth.
You have claws for feet.


Message History

Okay, then.
Unknown command.
You miss the adder. Your peck misses the adder.
The adder is heavily wounded.
You feel sick. The adder bites you.
* * * LOW HITPOINT WARNING * * *
You are lethally poisoned!
The adder poisons you! The hobgoblin misses you.
You barely miss the adder.
The adder is heavily wounded.
The adder barely misses you. The hobgoblin completely misses you.
You miss the adder.
The adder is heavily wounded.
* * * LOW HITPOINT WARNING * * *
You feel sick. The adder closely misses you. The hobgoblin closely misses you.
The adder barely misses you.
You hit the adder. Your peck misses the adder.
The adder is almost dead.
The adder bites you.
You die...

####################
#...................
#####.g@................
#.....S.................
######..........)............
#............................
#............#..............<
...##......[.....................
..............##.......####..#...
..............##.......# #....#.
.......................####....#.


You could see an adder and a hobgoblin.

Vanquished Creatures
  2 adders (D:2)
  A leopard gecko (D:1)
  A bat (D:1)
  2 goblins (D:1)
  3 hobgoblins (D:1)
  A ball python (D:1)
  A frilled lizard (D:1)
  4 kobolds (D:1)
  3 rats
18 creatures vanquished.

Notes
Turn   | Place    | Note
-------+----------+-------------------------------------------
     0 | D:1      | zynnq the Tengu Enchanter began the quest for the Orb.
     0 | D:1      | Reached XP level 1. HP: 10/10 MP: 4/4
   356 | D:1      | Reached XP level 2. HP: 12/15 MP: 4/6
   521 | D:1      | Learned a level 2 spell: Ensorcelled Hibernation
   968 | D:2      | Reached XP level 3. HP: 19/19 MP: 4/7
  1037 | D:2      | Slain by an adder

Levels and vault maps discovered:
D:1:      grunt_arrival_lava_bath, layout_loops_ring
D:2:      layout_basic, minmay_indecisive_spiral

Action                   || total
-------------------------++-------
Melee: Dagger            ||    43
       Kick              ||    10
       Peck              ||     3
 Cast: Corona            ||     6
       Ensorcelled Hiber ||     9
 Stab: Sleeping          ||     7
  Eat: Chunk             ||     1
Armor: Robe              ||     4
Dodge: Dodged            ||    30

Table legend:
 A = Non-vault XP
 B = Vault XP
 C = Vault XP percentage of total XP
 D = Non-vault monster count
 E = Vault monster count
 F = Vault count percentage of total count
                 A         B        C        D         E       F
            +---------+---------+-------+---------+---------+-------
      Total |      52 |       0 |   0.0 |      18 |       0 |   0.0
            +---------+---------+-------+---------+---------+-------
        D:1 |      24 |       0 |   0.0 |      14 |       0 |   0.0
        D:2 |      28 |       0 |   0.0 |       4 |       0 |   0.0
            +---------+---------+-------+---------+---------+-------
